[Event "FIDE WSTC Open 50 2025"]
[Site "Prague"]
[Date "2025.02.17"]
[Round "1.21"]
[White "Mrva, Martin"]
[Black "Klimaszewski, Dariusz"]
[Result "1-0"]
[Annotator "ChessBase"]
[ECO "E73"]
[WhiteElo "2394"]
[BlackElo "2152"]
[PlyCount "157"]
[EventDate "2025.02.17"]
[EventType "team-tourn"]
[EventCountry "CZE"]
[SourceTitle "playchess.com"]
[Source "ChessBase"]
[SourceQuality "1"]
[TimeControl "40/5400+30:1800+30"]

1. d4 Nf6 2. c4 g6 3. Nc3 Bg7 4. e4 d6 5. Be2 O-O 6. Be3 c5 7. d5 e6 8. Nf3 Qe7 9. Nd2 a6 10. a4 a5 11. h4 h5 12. Bg5 Qd7 13. Ra3 Na6 14. g4 Nxg4 15. Bxg4 hxg4 16. h5 gxh5 17. Rxh5 e5 18. Bh6 f6 19. Nf1 Bxh6 20. Rxh6 Qg7 21. Qd2 Nb4 22. Rh5 Bd7 23. Nb5 Ra6 24. Ng3 Kf7 25. Nc7 Rh8 26. Rxh8 Qxh8 27. Nxa6 bxa6 28. Ke2 Qh2 29. Rc3 Ke8 30. b3 Kd8 31. Qe1 Qh6 32. Qc1 Qh4 33. Qe3 Kc7 34. Rc1 Qh2 35. Kd2 Qg2 36. Qe2 Kb6 37. Ke3 Kc7 38. Qd1 Kc8 39. Qh1 Qxh1 40. Nxh1 f5 41. exf5 Bxf5 42. Ng3 Bc2 43. Ne4 Bxb3 44. Rh1 Bxa4 45. Rh7 Bc2 46. Nxd6+ Kb8 47. Rb7+ Ka8 48. Rc7 a4 49. Rxc5 a3 50. Ra5 Bb1 51. Kd2 a2 52. Nb5 Kb7 53. Nc3 Kb6 54. Ra4 a5 55. d6 Kc6 56. c5 Kxc5 57. d7 Nc6 58. Nxa2 Kd6 59. Nc3 Bf5 60. Rxa5 Kxd7 61. Ra6 Kd6 62. Ke3 Kc5 63. Ne4+ Kd5 64. Nf6+ Kc5 65. Ra8 Ne7 66. Rd8 Kc6 67. Rd1 Ng6 68. Ne4 Nf4 69. Ng3 Bg6 70. Rd8 Kc7 71. Ra8 Kd7 72. Kd2 Ke6 73. Nf1 Nh3 74. Ke1 Kf6 75. Ne3 Kg5 76. Ra5 Kf4 77. Ng2+ Ke4 78. Ra4+ Kf5 79. Ne3+ 1-0

[Event "FIDE WSTC Open 50 2025"]
[Site "Prague"]
[Date "2025.02.17"]
[Round "1.22"]
[White "Gacek, Waldemar"]
[Black "Stohl, Igor"]
[Result "1/2-1/2"]
[Annotator "ChessBase"]
[ECO "A05"]
[WhiteElo "2061"]
[BlackElo "2409"]
[PlyCount "30"]
[EventDate "2025.02.17"]
[EventType "team-tourn"]
[EventCountry "CZE"]
[SourceTitle "playchess.com"]
[Source "ChessBase"]
[SourceQuality "1"]
[TimeControl "40/5400+30:1800+30"]

1. Nf3 Nf6 2. c4 e6 3. e3 d5 4. Nc3 c5 5. cxd5 exd5 6. Bb5+ Bd7 7. Bxd7+ Qxd7 8. d4 Nc6 9. O-O a6 10. b3 cxd4 11. Nxd4 Be7 12. Bb2 O-O 13. Rc1 Rac8 14. Nxc6 Rxc6 15. Qd3 Rfc8 1/2-1/2

[Event "FIDE WSTC Open 50 2025"]
[Site "Prague"]
[Date "2025.02.17"]
[Round "1.23"]
[White "Lipka, Juraj"]
[Black "Flis, Pawel"]
[Result "1-0"]
[Annotator "ChessBase"]
[ECO "A05"]
[WhiteElo "2348"]
[BlackElo "1966"]
[PlyCount "111"]
[EventDate "2025.02.17"]
[EventType "team-tourn"]
[EventCountry "CZE"]
[SourceTitle "playchess.com"]
[Source "ChessBase"]
[SourceQuality "1"]
[TimeControl "40/5400+30:1800+30"]

1. Nf3 Nf6 2. g3 g6 3. b3 Bg7 4. Bb2 O-O 5. Bg2 c5 6. c4 Nc6 7. O-O d6 8. d4 cxd4 9. Nxd4 Nxd4 10. Qxd4 Qa5 11. Nc3 Be6 12. Rac1 Ng4 13. Qd2 Qh5 14. h3 Nf6 15. h4 Bh6 16. e3 g5 17. hxg5 Ng4 18. Rfe1 Bxg5 19. Ne4 Bh6 20. Qe2 f5 21. Nd2 Qh2+ 22. Kf1 Rab8 23. Qf3 Qh5 24. Ke2 Qf7 25. Rh1 Bg7 26. Bxg7 Qxg7 27. Qf4 Qe5 28. Qg5+ Qg7 29. Qxg7+ Kxg7 30. Nf3 b6 31. Nd4 Bd7 32. Bd5 e5 33. Nb5 Bxb5 34. cxb5 Rbc8 35. Rc6 Rxc6 36. bxc6 Rc8 37. e4 fxe4 38. Be6 Rxc6 39. Bxg4 Rc2+ 40. Ke3 d5 41. Rd1 Rc3+ 42. Kd2 d4 43. Re1 Rd3+ 44. Kc2 Rc3+ 45. Kb2 Rd3 46. Rd1 Rc3 47. Rc1 Rd3 48. Rc7+ Kf6 49. Kc2 a5 50. Be2 Rc3+ 51. Rxc3 dxc3 52. Kxc3 Kf5 53. Kd2 Ke6 54. Ke3 Kd5 55. Bc4+ Kc5 56. a4 1-0

[Event "FIDE WSTC Open 50 2025"]
[Site "Prague"]
[Date "2025.02.17"]
[Round "1.24"]
[White "Zielinski, Olgierd"]
[Black "Motuz, Karol"]
[Result "1/2-1/2"]
[Annotator "ChessBase"]
[ECO "C52"]
[WhiteElo "1897"]
[BlackElo "2293"]
[PlyCount "31"]
[EventDate "2025.02.17"]
[EventType "team-tourn"]
[EventCountry "CZE"]
[SourceTitle "playchess.com"]
[Source "ChessBase"]
[SourceQuality "1"]
[TimeControl "40/5400+30:1800+30"]

1. e4 e5 2. Nf3 Nc6 3. Bc4 Bc5 4. b4 Bxb4 5. c3 Ba5 6. d4 d6 7. Qb3 Qd7 8. O-O Bb6 9. Nbd2 Na5 10. Qc2 Nxc4 11. Nxc4 f6 12. a4 Qf7 13. Qd3 Be6 14. Nfd2 Bxc4 15. Nxc4 d5 16. Nxb6 1/2-1/2

[Event "FIDE WSTC Open 50 2025"]
[Site "Prague"]
[Date "2025.02.17"]
[Round "1.25"]
[White "Lima, Darcy"]
[Black "Haba, Petr"]
[Result "1-0"]
[Annotator "ChessBase"]
[ECO "A11"]
[WhiteElo "2378"]
[BlackElo "2442"]
[PlyCount "133"]
[EventDate "2025.02.17"]
[EventType "team-tourn"]
[EventCountry "CZE"]
[SourceTitle "playchess.com"]
[Source "ChessBase"]
[SourceQuality "1"]
[TimeControl "40/5400+30:1800+30"]

1. c4 c6 2. Nf3 d5 3. g3 dxc4 4. Bg2 Nd7 5. Na3 Nb6 6. Qc2 g6 7. Nxc4 Nxc4 8. Qxc4 Bg7 9. d4 Nf6 10. O-O O-O 11. Re1 Ne4 12. Qc2 Nd6 13. Bf4 Nb5 14. Rad1 Bf5 15. e4 Bg4 16. d5 Bxf3 17. Bxf3 Nd4 18. Qd3 cxd5 19. exd5 Nxf3+ 20. Qxf3 Qd7 21. Be5 Rfe8 22. Bxg7 Kxg7 23. Re5 Rad8 24. Rde1 Qd6 25. h4 Qf6 26. Qe3 a6 27. h5 gxh5 28. Rxh5 h6 29. Kg2 Rd6 30. Reh1 Rh8 31. R1h4 Kf8 32. b4 Qb2 33. Rc4 Qf6 34. Rc7 Rg8 35. Re5 Rg5 36. f4 Rxd5 37. Rexe7 Rgf5 38. Rxf7+ Qxf7 39. Rxf7+ Rxf7 40. Qe6 Rd2+ 41. Kh3 Kg7 42. f5 Rdd7 43. Kg4 Rc7 44. Qg6+ Kf8 45. Qxh6+ Kg8 46. Qe6 Rce7 47. Qc8+ Kh7 48. Kf4 Re1 49. Qc4 Rd7 50. g4 Red1 51. Ke5 b5 52. Qc6 Re7+ 53. Kf6 Rg7 54. Qg2 Rd6+ 55. Ke5 Rh6 56. Qg3 Re7+ 57. Kd5 Rd7+ 58. Kc5 Rf6 59. Qh3+ Rh6 60. Qg3 Rf6 61. Qf4 Rdf7 62. Kd5 Kg7 63. Qe5 Kf8 64. Qb8+ Kg7 65. Qe5 Kf8 66. Qc3 Ke7 67. Ke5 1-0

[Event "FIDE WSTC Open 50 2025"]
[Site "Prague"]
[Date "2025.02.17"]
[Round "1.26"]
[White "Jirovsky, Milos"]
[Black "Peixoto, Rudson Marinho"]
[Result "1-0"]
[Annotator "ChessBase"]
[ECO "A14"]
[WhiteElo "2410"]
[BlackElo "1948"]
[PlyCount "85"]
[EventDate "2025.02.17"]
[EventType "team-tourn"]
[EventCountry "CZE"]
[SourceTitle "playchess.com"]
[Source "ChessBase"]
[SourceQuality "1"]
[TimeControl "40/5400+30:1800+30"]

1. Nf3 Nf6 2. c4 e6 3. g3 d5 4. Bg2 Be7 5. O-O O-O 6. Qc2 Nc6 7. d4 h6 8. Rd1 Bd7 9. Nbd2 Nb4 10. Qb1 a5 11. a3 Na6 12. Ne5 Be8 13. b3 c5 14. Bb2 Qb6 15. cxd5 exd5 16. dxc5 Bxc5 17. Nd3 Bd4 18. Bxd4 Qxd4 19. Nf4 Nc7 20. Ne4 Qe5 21. Nxf6+ Qxf6 22. Nxd5 Nxd5 23. Bxd5 Bc6 24. Bxc6 Qxc6 25. Qf5 Qb6 26. Rd3 Rfe8 27. e3 g6 28. Qf4 Rad8 29. Rad1 h5 30. Qa4 Kf8 31. b4 axb4 32. Rxd8 Rxd8 33. Qxb4+ Qxb4 34. Rxd8+ Ke7 35. axb4 Kxd8 36. Kf1 Kc7 37. Ke2 Kb6 38. Kd3 Kb5 39. Kc3 f5 40. h4 Kc6 41. Kc4 b5+ 42. Kd4 Kd6 43. f3 1-0

[Event "FIDE WSTC Open 50 2025"]
[Site "Prague"]
[Date "2025.02.17"]
[Round "1.27"]
[White "Franca Junior, Jairo"]
[Black "Zvara, Petr"]
[Result "0-1"]
[Annotator "ChessBase"]
[ECO "B17"]
[WhiteElo "1898"]
[BlackElo "2330"]
[PlyCount "138"]
[EventDate "2025.02.17"]
[EventType "team-tourn"]
[EventCountry "CZE"]
[SourceTitle "playchess.com"]
[Source "ChessBase"]
[SourceQuality "1"]
[TimeControl "40/5400+30:1800+30"]

1. e4 c6 2. d4 d5 3. Nc3 dxe4 4. Nxe4 Nd7 5. Nf3 Ngf6 6. Nxf6+ Nxf6 7. Bd3 Bg4 8. c3 e6 9. h3 Bh5 10. Qe2 Qd5 11. Bf4 Bxf3 12. Qxf3 Qxf3 13. gxf3 Be7 14. Rg1 g6 15. O-O-O Nd5 16. Be5 Bf6 17. Rge1 Bxe5 18. Rxe5 O-O-O 19. a3 Rd7 20. h4 h5 21. Ree1 Rhd8 22. Bf1 Kc7 23. Kc2 b6 24. Bc4 Ne7 25. Bd3 c5 26. dxc5 bxc5 27. Re4 Nf5 28. Ra4 Kb6 29. Ra6+ Kb7 30. Ra4 Kb8 31. Be2 Rxd1 32. Bxd1 Rd5 33. Be2 Nd6 34. f4 Nf5 35. Bf3 Rd7 36. Ra5 Rc7 37. Kd3 Nxh4 38. Be4 Nf5 39. b4 Rd7+ 40. Ke2 cxb4 41. axb4 Nd6 42. Bc6 Rc7 43. Ra6 Nc8 44. Kd3 Ne7 45. Be4 Rd7+ 46. Ke2 Nd5 47. Bxd5 Rxd5 48. Ke3 Kb7 49. Ra1 a6 50. c4 Rd8 51. Ra3 Rd1 52. Rb3 Kb6 53. Ke4 Re1+ 54. Kd4 Re2 55. b5 axb5 56. Rxb5+ Kc6 57. f3 Rf2 58. Ke3 Rf1 59. Ra5 h4 60. Ke2 Rc1 61. Kd3 h3 62. Ra2 Rh1 63. Ke3 h2 64. Re2 Kc5 65. Ke4 Kxc4 66. Rc2+ Kb3 67. Re2 Kc3 68. Ke5 Kd3 69. Re4 Ra1 0-1

[Event "FIDE WSTC Open 50 2025"]
[Site "Prague"]
[Date "2025.02.17"]
[Round "1.28"]
[White "Konopka, Michal"]
[Black "Serafim Junior, Arnor"]
[Result "1-0"]
[Annotator "ChessBase"]
[ECO "E68"]
[WhiteElo "2326"]
[BlackElo "1782"]
[PlyCount "55"]
[EventDate "2025.02.17"]
[EventType "team-tourn"]
[EventCountry "CZE"]
[SourceTitle "playchess.com"]
[Source "ChessBase"]
[SourceQuality "1"]
[TimeControl "40/5400+30:1800+30"]

1. Nf3 Nf6 2. c4 g6 3. g3 Bg7 4. Bg2 O-O 5. O-O d6 6. d4 Nbd7 7. Nc3 e5 8. e4 Re8 9. h3 a6 10. Re1 Rb8 11. a4 exd4 12. Nxd4 Nc5 13. a5 h6 14. f3 Bd7 15. Be3 Ne6 16. Nde2 Bc6 17. Qd2 Kh7 18. b4 Bd7 19. Ra2 Qe7 20. Rc2 c6 21. Rcc1 Red8 22. Bb6 Rdc8 23. Rcd1 Ne8 24. c5 Bf8 25. cxd6 Qf6 26. f4 N6g7 27. e5 Qe6 28. Nd4 1-0

[Event "FIDE WSTC Open 50 2025"]
[Site "Prague"]
[Date "2025.02.17"]
[Round "1.29"]
[White "Bischoff, Klaus"]
[Black "Rogowski, Jaroslaw"]
[Result "1-0"]
[Annotator "ChessBase"]
[ECO "D51"]
[WhiteElo "2432"]
[BlackElo "2039"]
[PlyCount "49"]
[EventDate "2025.02.17"]
[EventType "team-tourn"]
[EventCountry "CZE"]
[SourceTitle "playchess.com"]
[Source "ChessBase"]
[SourceQuality "1"]
[TimeControl "40/5400+30:1800+30"]

1. d4 d5 2. c4 e6 3. Nc3 Nf6 4. Bg5 Nbd7 5. cxd5 exd5 6. e3 c6 7. Bd3 Be7 8. h3 Nf8 9. Qc2 Ne6 10. Bh4 g6 11. Nf3 O-O 12. O-O-O Nd7 13. Bg3 f5 14. Kb1 b5 15. h4 Nf6 16. Ne5 Bd7 17. h5 Be8 18. hxg6 hxg6 19. Ne2 Rc8 20. Nf4 Nxf4 21. Bxf4 Nh5 22. Bh6 Rf6 23. g4 fxg4 24. Bxg6 Bxg6 25. Nxg6 1-0

[Event "FIDE WSTC Open 50 2025"]
[Site "Prague"]
[Date "2025.02.17"]
[Round "1.30"]
[White "Ograbek, Grzegorz"]
[Black "Schulz, Klaus-Juergen"]
[Result "0-1"]
[Annotator "RC"]
[ECO "D20"]
[WhiteElo "2085"]
[BlackElo "2345"]
[PlyCount "164"]
[EventDate "2025.02.17"]
[EventType "team-tourn"]
[EventCountry "CZE"]
[SourceTitle "playchess.com"]
[Source "ChessBase"]
[SourceQuality "1"]
[TimeControl "40/5400+30:1800+30"]

1. d4 d5 2. c4 dxc4 3. e3 Nf6 4. Bxc4 e6 5. Nf3 a6 6. a4 c5 7. O-O Nc6 8. Qe2 Qc7 9. Rd1 Be7 10. Nc3 O-O 11. e4 Ng4 12. g3 cxd4 13. Bf4 e5 14. Nd5 Qd8 15. Bd2 Nf6 16. a5 Bg4 17. Qd3 Bd6 18. Rdc1 Rb8 19. Ne1 Nxd5 20. exd5 Ne7 21. f3 Bf5 22. Qe2 Re8 23. Nd3 Ng6 24. Nf2 Bd7 25. Ne4 Bf8 26. Bg5 Be7 27. Bd2 h6 28. g4 Bf8 29. Kh1 Kh7 30. Ng3 Nf4 31. Qe4+ Ng6 32. Re1 Bb5 33. Bxb5 axb5 34. a6 Qb6 35. Ba5 Qd6 36. Nf5 Qd7 37. a7 Ra8 38. Bb6 Rec8 39. Rec1 Rc4 40. b3 Rc3 41. f4 exf4 42. Bxd4 Re8 43. Qg2 f3 44. Qf2 Rxc1+ 45. Rxc1 Qxd5 46. Be3 Ne5 47. Rf1 Nxg4 48. Qxf3 Nxe3 49. Nxe3 Qxf3+ 50. Rxf3 Bc5 51. Nd5 Bxa7 52. Rxf7 Re5 53. Rd7 Bc5 54. Kg2 b4 55. Kf3 b6 56. Nf6+ Kg6 57. Ne4 Rf5+ 58. Kg2 Rf4 59. Ng3 Rf2+ 60. Kh3 Rc2 61. Ne4 Kf5 62. Ng3+ Kg6 63. Ne4 Re2 64. Nd2 Kf6 65. Nc4 Bg1 66. Rd6+ Ke7 67. Rg6 Rxh2+ 68. Kg3 Rc2 69. Rxg7+ Kf6 70. Rd7 Bc5 71. Nxb6 Bxb6 72. Rd6+ Kg5 73. Rxb6 Rc3+ 74. Kf2 Rxb3 75. Kg2 h5 76. Rb8 h4 77. Rg8+ Kf4 78. Rh8 h3+ 79. Kh2 Ke4 80. Rh4+ Kd5 81. Rh5+ Kc4 82. Rh4+ Kb5 0-1

[Event "FIDE WSTC Open 50 2025"]
[Site "Prague"]
[Date "2025.02.17"]
[Round "1.31"]
[White "Wolf, Volker"]
[Black "Czyz, Andrzej"]
[Result "1/2-1/2"]
[Annotator "ChessBase"]
[ECO "C01"]
[WhiteElo "2206"]
[BlackElo "1941"]
[PlyCount "150"]
[EventDate "2025.02.17"]
[EventType "team-tourn"]
[EventCountry "CZE"]
[SourceTitle "playchess.com"]
[Source "ChessBase"]
[SourceQuality "1"]
[TimeControl "40/5400+30:1800+30"]

1. e4 e6 2. d4 d5 3. exd5 exd5 4. Nf3 Nc6 5. Bd3 Bd6 6. O-O Nge7 7. Re1 Bg4 8. c3 Qd7 9. Nbd2 Bf5 10. Nf1 Bxd3 11. Qxd3 O-O 12. Ng3 Rae8 13. Bd2 Ng6 14. Qf5 Qxf5 15. Nxf5 Bf4 16. Be3 Bxe3 17. Nxe3 Nce7 18. g3 c6 19. h4 f6 20. b3 Nc8 21. c4 dxc4 22. bxc4 b6 23. a4 a6 24. Rab1 Nge7 25. d5 cxd5 26. cxd5 Rd8 27. Nd4 Rd6 28. Ne6 Re8 29. Nc7 Red8 30. Rec1 b5 31. axb5 axb5 32. Nxb5 R6d7 33. Nc7 Nd6 34. Ne6 Rc8 35. Rxc8+ Nexc8 36. Rb8 Kf7 37. h5 g6 38. hxg6+ hxg6 39. Kf1 Ke7 40. Ke2 Rb7 41. Rxb7+ Nxb7 42. Nc4 Nbd6 43. Ne3 Ne4 44. Nf4 g5 45. Nh5 Ncd6 46. f3 Nc5 47. Ng7 Nb5 48. Ngf5+ Kf7 49. Kd2 Nd7 50. Nc4 Kg6 51. g4 Kf7 52. Ncd6+ Nxd6 53. Nxd6+ Ke7 54. Nc4 Nf8 55. Ke3 Ng6 56. Kd4 Nh4 57. Ke4 Ng2 58. Ne3 Nf4 59. Kf5 Nd3 60. d6+ Kxd6 61. Kxf6 Ne5 62. Nf5+ Kd5 63. Ne3+ Kd6 64. Kxg5 Nxf3+ 65. Kf4 Ne5 66. g5 Ke6 67. Ng4 Ng6+ 68. Ke4 Ne7 69. Ne5 Kd6 70. Nd3 Ke6 71. Nf4+ Kf7 72. Kd4 Nf5+ 73. Ke5 Ne7 74. Kd6 Nf5+ 75. Ke5 Ne7 1/2-1/2

[Event "FIDE WSTC Open 50 2025"]
[Site "Prague"]
[Date "2025.02.17"]
[Round "1.32"]
[White "Wielosz, Jaroslaw"]
[Black "Polster, Wolfgang"]
[Result "1/2-1/2"]
[Annotator "NA"]
[ECO "A11"]
[WhiteElo "1930"]
[BlackElo "2131"]
[PlyCount "101"]
[EventDate "2025.02.17"]
[EventType "team-tourn"]
[EventCountry "CZE"]
[SourceTitle "playchess.com"]
[Source "ChessBase"]
[SourceQuality "1"]
[TimeControl "40/5400+30:1800+30"]

1. c4 c6 2. d4 f5 3. Nf3 Nf6 4. g3 g6 5. Bg2 Bg7 6. b4 d6 7. Bb2 Nbd7 8. Qb3 Nb6 9. Nbd2 O-O 10. O-O Kh8 11. a4 a5 12. bxa5 Rxa5 13. Bc3 Ra6 14. a5 Na8 15. Qc2 Nc7 16. e4 fxe4 17. Nxe4 Bf5 18. Nh4 Nxe4 19. Bxe4 Bxe4 20. Qxe4 d5 21. cxd5 cxd5 22. Qd3 Qd7 23. Rab1 Ne6 24. f4 Nd8 25. Nf3 Nc6 26. Ne5 Nxe5 27. dxe5 e6 28. Qb5 Rf7 29. Bd4 Rc6 30. Bb6 g5 31. fxg5 Rxf1+ 32. Qxf1 Rc4 33. Re1 Kg8 34. Qd3 Qe8 35. h4 Qc6 36. g6 Rc3 37. gxh7+ Kh8 38. Qg6 d4 39. Rf1 Rc1 40. Rxc1 Qxc1+ 41. Kg2 Qd2+ 42. Kh3 Qd1 43. Qe4 d3 44. Be3 d2 45. Qg2 Bxe5 46. Bxd2 Qb1 47. Qe2 Qh1+ 48. Kg4 Qd5 49. Kh3 Qh1+ 50. Kg4 Qd5 51. Kh3 1/2-1/2

[Event "FIDE WSTC Open 50 2025"]
[Site "Prague"]
[Date "2025.02.17"]
[Round "1.33"]
[White "Ghannoum, Marc"]
[Black "Csiszar, Csaba"]
[Result "1-0"]
[Annotator "ChessBase"]
[ECO "B30"]
[WhiteElo "2229"]
[BlackElo "2378"]
[PlyCount "79"]
[EventDate "2025.02.17"]
[EventType "team-tourn"]
[EventCountry "CZE"]
[SourceTitle "playchess.com"]
[Source "ChessBase"]
[SourceQuality "1"]
[TimeControl "40/5400+30:1800+30"]

1. e4 c5 2. Nf3 Nc6 3. Bb5 d6 4. O-O Bd7 5. Re1 Nf6 6. c3 a6 7. Bf1 Bg4 8. d4 Bxf3 9. gxf3 g5 10. Kh1 Rg8 11. Be3 e6 12. b4 cxd4 13. cxd4 g4 14. Nc3 gxf3 15. b5 Ng4 16. Qxf3 Nb4 17. Bh3 h5 18. Rab1 a5 19. Bxg4 hxg4 20. Qe2 Qf6 21. Rg1 Rh8 22. Rxg4 Rc8 23. Rc1 Bh6 24. e5 Qf5 25. Ne4 Rxc1+ 26. Bxc1 Kd7 27. Nxd6 Qd3 28. Qxd3 Nxd3 29. Rh4 Nxc1 30. Nxf7 Rf8 31. Nxh6 Nxa2 32. Ng4 Nc3 33. Nf6+ Kc8 34. b6 Rd8 35. Rh7 Kb8 36. Nd7+ Ka8 37. Nc5 Ne2 38. Rxb7 Nxd4 39. Ra7+ Kb8 40. Na6+ 1-0

[Event "FIDE WSTC Open 50 2025"]
[Site "Prague"]
[Date "2025.02.17"]
[Round "1.34"]
[White "Varga, Zoltan"]
[Black "Gravel, Simon"]
[Result "1/2-1/2"]
[Annotator "ChessBase"]
[ECO "A33"]
[WhiteElo "2301"]
[BlackElo "2265"]
[PlyCount "30"]
[EventDate "2025.02.17"]
[EventType "team-tourn"]
[EventCountry "CZE"]
[SourceTitle "playchess.com"]
[Source "ChessBase"]
[SourceQuality "1"]
[TimeControl "40/5400+30:1800+30"]

1. c4 c5 2. Nf3 Nc6 3. d4 cxd4 4. Nxd4 Nf6 5. Nc3 e6 6. Ndb5 d5 7. Bf4 e5 8. cxd5 exf4 9. dxc6 bxc6 10. Qd4 Qd7 11. Qxd7+ Bxd7 12. Nd4 Rb8 13. Nb3 Be6 14. Na4 Ne4 15. g4 g6 1/2-1/2

[Event "FIDE WSTC Open 50 2025"]
[Site "Prague"]
[Date "2025.02.17"]
[Round "1.35"]
[White "Bergeron, Pascal"]
[Black "Horvath, Peter"]
[Result "0-1"]
[Annotator "ChessBase"]
[ECO "D00"]
[WhiteElo "2065"]
[BlackElo "2354"]
[PlyCount "74"]
[EventDate "2025.02.17"]
[EventType "team-tourn"]
[EventCountry "CZE"]
[SourceTitle "playchess.com"]
[Source "ChessBase"]
[SourceQuality "1"]
[TimeControl "40/5400+30:1800+30"]

1. d4 d5 2. Nc3 c5 3. e4 dxe4 4. d5 Nf6 5. Bf4 a6 6. Qd2 Nbd7 7. f3 e3 8. Bxe3 g6 9. O-O-O Bg7 10. Bh6 Bxh6 11. Qxh6 b5 12. Nh3 Bb7 13. Nf4 Qb6 14. Kb1 O-O-O 15. Be2 c4 16. Rhe1 Nc5 17. Bf1 b4 18. Ne4 Ncxe4 19. fxe4 Qc5 20. Qh3+ Kb8 21. b3 g5 22. Nh5 cxb3 23. axb3 Nxh5 24. Qxh5 f6 25. Qf3 a5 26. Qg3+ Ka7 27. Qd3 Rd6 28. g3 Rc8 29. Bg2 Ba6 30. Qd2 Rb6 31. e5 fxe5 32. Rxe5 a4 33. bxa4 b3 34. c3 b2 35. Qxg5 Rc7 36. Re6 Qxc3 37. Rc6 Bd3+ 0-1

[Event "FIDE WSTC Open 50 2025"]
[Site "Prague"]
[Date "2025.02.17"]
[Round "1.36"]
[White "Krizsany, Laszlo"]
[Black "Joel O. Ebiekuta"]
[Result "1-0"]
[Annotator "ChessBase"]
[ECO "E73"]
[WhiteElo "2303"]
[BlackElo "1887"]
[PlyCount "113"]
[EventDate "2025.02.17"]
[EventType "team-tourn"]
[EventCountry "CZE"]
[SourceTitle "playchess.com"]
[Source "ChessBase"]
[SourceQuality "1"]
[TimeControl "40/5400+30:1800+30"]

1. d4 g6 2. c4 Bg7 3. e4 d6 4. Nc3 Nf6 5. Be2 O-O 6. Bg5 Nbd7 7. Qd2 c6 8. Rd1 a6 9. Nf3 b5 10. a3 Qc7 11. O-O Bb7 12. Rfe1 Rfe8 13. Rc1 bxc4 14. Bxc4 Rad8 15. b4 a5 16. Qa2 d5 17. exd5 cxd5 18. Nxd5 Nxd5 19. Bxd5 Bxd5 20. Qxd5 Nf6 21. Qxf7+ Kxf7 22. Rxc7 Nd5 23. Rc4 axb4 24. axb4 Rb8 25. Bd2 Rb5 26. Rc5 Reb8 27. Rec1 Bf6 28. Kf1 e6 29. Rxb5 Rxb5 30. Rc4 Ke8 31. Ne1 Rb7 32. Nc2 Be7 33. Ke2 Kd7 34. g3 Bd6 35. Kd3 Rb8 36. h4 Rb7 37. Ke4 Nf6+ 38. Kf3 Nd5 39. Ke4 Nf6+ 40. Kd3 Nd5 41. Ne3 Nxb4+ 42. Bxb4 Bxb4 43. Ng4 Ke7 44. Ke4 Bd6 45. Rc2 Rb4 46. Rc3 Ra4 47. Rb3 Bc5 48. Rb7+ Kd6 49. Rxh7 Bxd4 50. Kf3 Ra8 51. Rh6 Rg8 52. Ke4 Bc3 53. f4 Rg7 54. Ne5 Bxe5 55. fxe5+ Ke7 56. Rh8 g5 57. h5 1-0

[Event "FIDE WSTC Open 50 2025"]
[Site "Prague"]
[Date "2025.02.17"]
[Round "1.37"]
[White "Andersson, Ulf"]
[Black "Kolar, Pavel"]
[Result "1-0"]
[Annotator "ChessBase"]
[ECO "D43"]
[WhiteElo "2518"]
[BlackElo "2165"]
[PlyCount "53"]
[EventDate "2025.02.17"]
[EventType "team-tourn"]
[EventCountry "CZE"]
[SourceTitle "playchess.com"]
[Source "ChessBase"]
[SourceQuality "1"]
[TimeControl "40/5400+30:1800+30"]

1. d4 e6 2. Nf3 Nf6 3. c4 d5 4. Nc3 c6 5. Qd3 Nbd7 6. g3 Be7 7. Bg2 b6 8. O-O Ba6 9. b3 Rc8 10. Rd1 c5 11. Nb5 cxd4 12. Nfxd4 dxc4 13. bxc4 Ne5 14. Qb3 O-O 15. Nxe6 Qxd1+ 16. Qxd1 fxe6 17. Qa4 Bxb5 18. cxb5 Bc5 19. Ba3 Ned7 20. Bxc5 Rxc5 21. Rd1 Rc7 22. h3 Nc5 23. Qf4 Re7 24. Qe5 Nfd7 25. Qc7 Kf7 26. Qxa7 Rc8 27. Bc6 1-0

[Event "FIDE WSTC Open 50 2025"]
[Site "Prague"]
[Date "2025.02.17"]
[Round "1.38"]
[White "Musil, Martin"]
[Black "Svensson, Bengt"]
[Result "0-1"]
[Annotator "ChessBase"]
[ECO "B34"]
[WhiteElo "1944"]
[BlackElo "2297"]
[PlyCount "84"]
[EventDate "2025.02.17"]
[EventType "team-tourn"]
[EventCountry "CZE"]
[SourceTitle "playchess.com"]
[Source "ChessBase"]
[SourceQuality "1"]
[TimeControl "40/5400+30:1800+30"]

1. e4 c5 2. Nf3 Nc6 3. d4 cxd4 4. Nxd4 Nf6 5. Nc3 e5 6. Nb3 Bb4 7. Qd3 d5 8. exd5 Nxd5 9. Bd2 Nxc3 10. Bxc3 O-O 11. Bxb4 Nxb4 12. Qc3 Qh4 13. Bd3 Nxd3+ 14. Qxd3 Be6 15. O-O Bc4 16. Qf3 Bxf1 17. Rxf1 Qb4 18. Qe2 Rfe8 19. h3 Rad8 20. c3 Qa4 21. Ra1 h6 22. Nc5 Qc6 23. Nb3 Rd6 24. Nd2 Qd7 25. Ne4 Rd5 26. Rc1 b6 27. Rc2 Rd1+ 28. Kh2 Qd3 29. c4 Qxe2 30. Rxe2 Red8 31. b3 f6 32. f3 Kf7 33. Rc2 f5 34. Nc3 R1d2 35. Rc1 R8d3 36. Kh1 Ke6 37. a3 Rf2 38. b4 Rdd2 39. Rg1 Rc2 40. Nb5 a5 41. bxa5 bxa5 42. Re1 Kf6 0-1

[Event "FIDE WSTC Open 50 2025"]
[Site "Prague"]
[Date "2025.02.17"]
[Round "1.39"]
[White "Jaderberg, Bjorn"]
[Black "Korenek, Frantisek"]
[Result "0-1"]
[Annotator "NA"]
[ECO "D00"]
[WhiteElo "2134"]
[BlackElo "1940"]
[PlyCount "44"]
[EventDate "2025.02.17"]
[EventType "team-tourn"]
[EventCountry "CZE"]
[SourceTitle "playchess.com"]
[Source "ChessBase"]
[SourceQuality "1"]
[TimeControl "40/5400+30:1800+30"]

1. d4 d5 2. Nc3 Nf6 3. Bf4 c6 4. e3 Bf5 5. f3 e6 6. g4 Bg6 7. h4 h6 8. Bd3 Bxd3 9. Qxd3 Bd6 10. Nge2 Bxf4 11. exf4 Qd6 12. O-O-O Nbd7 13. g5 Nh5 14. f5 e5 15. dxe5 Qxe5 16. Kb1 O-O-O 17. Qd4 Qxd4 18. Rxd4 Rde8 19. f4 Re3 20. Nc1 Ng3 21. Rh3 Nxf5 22. Rxe3 Nxe3 0-1

[Event "FIDE WSTC Open 50 2025"]
[Site "Prague"]
[Date "2025.02.17"]
[Round "1.40"]
[White "Hejda, Antonin"]
[Black "Wengholm, Anders"]
[Result "1/2-1/2"]
[Annotator "NA"]
[ECO "A48"]
[WhiteElo "1900"]
[BlackElo "2132"]
[PlyCount "48"]
[EventDate "2025.02.17"]
[EventType "team-tourn"]
[EventCountry "CZE"]
[SourceTitle "playchess.com"]
[Source "ChessBase"]
[SourceQuality "1"]
[TimeControl "40/5400+30:1800+30"]

1. d4 Nf6 2. Nf3 g6 3. c4 Bg7 4. Nc3 O-O 5. Bf4 c5 6. d5 d6 7. e3 Qa5 8. Qd2 e5 9. Bg5 Qb6 10. Be2 h6 11. Bh4 g5 12. Bg3 Nh5 13. e4 f5 14. exf5 Bxf5 15. O-O Nf4 16. Bxf4 exf4 17. Rac1 Qd8 18. Bd3 g4 19. Ne1 Nd7 20. Bxf5 Rxf5 21. Nd3 Qf8 22. Ne4 Bd4 23. Kh1 Re8 24. Rce1 Ne5 1/2-1/2

[Event "FIDE WSTC Open 50 2025"]
[Site "Prague"]
[Date "2025.02.18"]
[Round "2.1"]
[White "Ehlvest, Jaan"]
[Black "Polak, Tomas"]
[Result "1/2-1/2"]
[Annotator "ChessBase"]
[ECO "E11"]
[WhiteElo "2531"]
[BlackElo "2463"]
[PlyCount "91"]
[EventDate "2025.02.17"]
[EventType "team-tourn"]
[EventCountry "CZE"]
[SourceTitle "playchess.com"]
[Source "ChessBase"]
[SourceQuality "1"]
[TimeControl "40/5400+30:1800+30"]

1. d4 Nf6 2. c4 e6 3. Nf3 Bb4+ 4. Bd2 a5 5. Nc3 O-O 6. Bg5 h6 7. Bh4 d5 8. e3 Nbd7 9. Rc1 Be7 10. Bd3 dxc4 11. Bxc4 b6 12. O-O Bb7 13. Qe2 Ne4 14. Bg3 Nxg3 15. hxg3 Bd6 16. Rfd1 Qe7 17. Nh4 c6 18. e4 Bb4 19. e5 Bxc3 20. bxc3 Rfd8 21. f4 Nf8 22. f5 Qg5 23. Qf3 Ba6 24. Bxa6 Rxa6 25. fxe6 fxe6 26. Qxc6 Qxg3 27. Qe4 Nh7 28. Rd3 Ng5 29. Rxg3 Nxe4 30. Re3 Nd2 31. Re2 Nc4 32. Rb1 Ra7 33. a4 Rc8 34. Nf3 Rd7 35. Rb3 Kf8 36. Nd2 Nxd2 37. Rxd2 Ke7 38. Kf2 Rdc7 39. Rc2 Rc4 40. Ke3 Rb4 41. cxb4 Rxc2 42. bxa5 bxa5 43. Rb7+ Kf8 44. Rb8+ Kf7 45. Rb7+ Kf8 46. Rb8+ 1/2-1/2